[Event "GER-ch Youth U14 2019"]
[Site "Willingen"]
[Date "2019.06.13"]
[Round "7.10"]
[White "Farokhi, Keyvan"]
[Black "Haufe, Laurin"]
[Result "1-0"]
[ECO "B90"]
[WhiteElo "1963"]
[BlackElo "1995"]
[Annotator "NA"]
[PlyCount "76"]
[EventDate "2019.06.07"]
[EventType "swiss"]
[EventRounds "9"]
[EventCountry "GER"]
[SourceTitle "playchess.com"]
[Source "ChessBase"]
[SourceQuality "1"]
[TimeControl "40/5400+30:1800+30"]

1. e4 c5 2. Nf3 d6 3. d4 cxd4 4. Nxd4 Nf6 5. Nc3 a6 6. Nb3 e6 7. g4 Be7 8. Bg2 Nc6 9. g5 Nd7 10. f4 b5 11. a3 Bb7 12. O-O Qc7 13. Be3 O-O-O 14. Nd4 Nxd4 15. Qxd4 e5 16. Qa7 f6 17. Bh3 Qb8 18. gxf6 Qxa7 19. Bxa7 gxf6 20. Be6 Kc7 21. Nd5+ Bxd5 22. Bxd5 Nb6 23. Bxb6+ Kxb6 24. f5 Bf8 25. b3 Bh6 26. Kf2 Bd2 27. Ke2 Bc3 28. Rad1 Rd7 29. Be6 Rdd8 30. Rd3 Bb2 31. Rb1 Bxa3 32. b4 Bxb4 33. Rxb4 a5 34. Rb1 h6 35. Rdb3 b4 36. c3 Ra8 37. cxb4 a4 38. Ra3 Rhd8 {[%emt 0:00:10] normal} 1-0

[Event "GER-ch Youth U14 2019"]
[Site "Willingen"]
[Date "2019.06.13"]
[Round "7.11"]
[White "Matthaei, Jakob"]
[Black "Simukov, Erik"]
[Result "1/2-1/2"]
[ECO "C44"]
[WhiteElo "1666"]
[BlackElo "1904"]
[Annotator "NA"]
[PlyCount "48"]
[EventDate "2019.06.07"]
[EventType "swiss"]
[EventRounds "9"]
[EventCountry "GER"]
[SourceTitle "playchess.com"]
[Source "ChessBase"]
[SourceQuality "1"]
[TimeControl "40/5400+30:1800+30"]

1. e4 e5 2. Nf3 Nc6 3. d4 exd4 4. Bc4 Bc5 5. Ng5 Nh6 6. Nxf7 Nxf7 7. Bxf7+ Kxf7 8. Qh5+ g6 9. Qxc5 d6 10. Qc4+ Be6 11. Qe2 Kg7 12. O-O Qd7 13. Nd2 Rae8 14. b3 d5 15. Qb5 dxe4 16. Nxe4 Qd5 17. Qxd5 Bxd5 18. Ng3 h5 19. h4 Ne5 20. Bd2 Rhf8 21. c3 dxc3 22. Bxc3 Kh7 23. Rad1 c6 {[%emt 0:00:24] normal} 24. Rfe1 Nd7 {[%emt 0:02:33] normal} 1/2-1/2

[Event "GER-ch Youth U14 2019"]
[Site "Willingen"]
[Date "2019.06.13"]
[Round "7.12"]
[White "Kosev, Momchil"]
[Black "Schulemann, Gero"]
[Result "1/2-1/2"]
[ECO "B40"]
[WhiteElo "1827"]
[BlackElo "1862"]
[Annotator "NA"]
[PlyCount "70"]
[EventDate "2019.06.07"]
[EventType "swiss"]
[EventRounds "9"]
[EventCountry "GER"]
[SourceTitle "playchess.com"]
[Source "ChessBase"]
[SourceQuality "1"]
[TimeControl "40/5400+30:1800+30"]

1. e4 c5 2. Nf3 e6 3. d3 Nc6 4. g3 b6 5. Bg2 Bb7 6. O-O Be7 7. Re1 Nf6 8. Nbd2 d5 9. e5 Nd7 10. Nf1 b5 11. h4 c4 12. d4 a5 13. Bg5 b4 14. Bxe7 Qxe7 15. c3 Nb6 16. Ne3 Na7 17. Nc2 Nb5 18. a4 bxa3 19. Nxa3 Nxa3 20. Rxa3 O-O 21. Nh2 Bc6 22. Re3 Rfb8 23. Qa1 a4 24. f4 Nd7 25. Rf3 Rb3 26. Ra2 Rab8 27. Nf1 Nf8 28. Rf2 Qb7 29. Qc1 Nd7 30. Kh2 f5 31. Bf3 Nf8 32. g4 fxg4 33. Bxg4 Qe7 34. Qe3 Qxh4+ 35. Bh3 R3b7 {[%emt 0:02:51] normal} 1/2-1/2

[Event "GER-ch Youth U14 2019"]
[Site "Willingen"]
[Date "2019.06.13"]
[Round "7.13"]
[White "Schubert, Nikita"]
[Black "Elsner, Robert"]
[Result "1-0"]
[ECO "E69"]
[WhiteElo "1806"]
[BlackElo "1745"]
[Annotator "NA"]
[PlyCount "56"]
[EventDate "2019.06.07"]
[EventType "swiss"]
[EventRounds "9"]
[EventCountry "GER"]
[SourceTitle "playchess.com"]
[Source "ChessBase"]
[SourceQuality "1"]
[TimeControl "40/5400+30:1800+30"]

1. d4 Nf6 2. c4 g6 3. g3 Bg7 4. Bg2 O-O 5. Nc3 d6 6. Nf3 Nbd7 7. O-O e5 8. e4 c6 9. h3 Re8 10. Be3 exd4 11. Nxd4 Nc5 12. Qc2 Qe7 13. Rfe1 Be6 14. b3 Bd7 15. f3 a5 16. Kh2 h5 17. h4 Nh7 18. Qd2 Qf8 19. Rad1 Rad8 20. Nce2 a4 21. b4 Ne6 22. a3 Nxd4 23. Nxd4 c5 24. Ne2 Be6 25. Qc2 cxb4 26. Qxa4 bxa3 27. Qxa3 Bxc4 28. Qb4 b5 {[%emt 0:03:57] normal} 1-0

[Event "GER-ch Youth U14 2019"]
[Site "Willingen"]
[Date "2019.06.13"]
[Round "7.14"]
[White "Tham, Nam"]
[Black "May, Ben-Iven"]
[Result "1-0"]
[ECO "C50"]
[WhiteElo "1993"]
[BlackElo "1692"]
[Annotator "NA"]
[PlyCount "76"]
[EventDate "2019.06.07"]
[EventType "swiss"]
[EventRounds "9"]
[EventCountry "GER"]
[SourceTitle "playchess.com"]
[Source "ChessBase"]
[SourceQuality "1"]
[TimeControl "40/5400+30:1800+30"]

1. e4 e5 2. Nf3 Nc6 3. Bc4 Nf6 4. d3 Bc5 5. c3 O-O 6. Bb3 d6 7. Nbd2 Bb6 8. h3 Ne7 9. Nf1 Ng6 10. Ng3 h6 11. O-O c6 12. Re1 Re8 13. d4 Qc7 14. Nh2 Nf8 15. dxe5 dxe5 16. Qf3 N8h7 17. Nf5 Be6 18. Bc2 Rad8 19. Nf1 Rd7 20. N1g3 Red8 21. Nh5 Nxh5 22. Qxh5 Bc5 23. Rf1 a5 24. Kh1 f6 25. f4 Kh8 26. fxe5 Bc4 27. e6 Bxf1 28. exd7 Bc4 29. Nxg7 Qg3 30. Bf4 Qxg7 31. Qxc5 Rg8 32. Qf2 Qxd7 33. b3 Be6 34. Bxh6 Bxh3 35. g3 Qg4 36. Bf4 Qh5 37. Kg1 Ng5 38. Bd1 Qh7 {[%emt 0:00:00] normal} 1-0

[Event "GER-ch Youth U14 2019"]
[Site "Willingen"]
[Date "2019.06.13"]
[Round "7.15"]
[White "Sinnhoefer, Joshua"]
[Black "Evering, Soeren"]
[Result "1-0"]
[ECO "C56"]
[WhiteElo "1466"]
[BlackElo "1879"]
[Annotator "NA"]
[PlyCount "72"]
[EventDate "2019.06.07"]
[EventType "swiss"]
[EventRounds "9"]
[EventCountry "GER"]
[SourceTitle "playchess.com"]
[Source "ChessBase"]
[SourceQuality "1"]
[TimeControl "40/5400+30:1800+30"]

1. e4 e5 2. Nf3 Nc6 3. d4 exd4 4. Bc4 Nf6 5. O-O Nxe4 6. Re1 d5 7. Bxd5 Qxd5 8. Nc3 Qh5 9. Nxe4 Be6 10. Bg5 h6 11. Bf6 Qg6 12. Nh4 Qh7 13. Qd3 Be7 14. Bxe7 Nxe7 15. Qb5+ Bd7 16. Qxb7 O-O 17. Qxc7 Nf5 18. Qxd7 Nxh4 19. Qg4 Ng6 20. Ng3 Rac8 21. Rac1 Rfd8 22. Red1 Ne5 23. Qf5 Nc4 24. b3 Na3 25. Rxd4 Qxf5 26. Nxf5 Rxd4 27. Nxd4 Rd8 28. c3 a6 29. Kf1 f6 30. Ke2 Kf7 31. Ke3 g6 32. c4 Rc8 33. Kd3 Nb5 34. Nxb5 axb5 35. Rc2 bxc4+ 36. Rxc4 Ra8 {[%emt 0:00:47] normal} 1-0

[Event "GER-ch Youth U14 2019"]
[Site "Willingen"]
[Date "2019.06.13"]
[Round "7.16"]
[White "Roste, Hugo"]
[Black "Schauties, Nico Antonio"]
[Result "1/2-1/2"]
[ECO "D31"]
[WhiteElo "1287"]
[BlackElo "1866"]
[Annotator "NA"]
[PlyCount "87"]
[EventDate "2019.06.07"]
[EventType "swiss"]
[EventRounds "9"]
[EventCountry "GER"]
[SourceTitle "playchess.com"]
[Source "ChessBase"]
[SourceQuality "1"]
[TimeControl "40/5400+30:1800+30"]

1. d4 d5 2. c4 e6 3. Nc3 c6 4. cxd5 exd5 5. Qc2 Be7 6. Nf3 Nf6 7. Bg5 Nbd7 8. e3 O-O 9. Bd3 Re8 10. h3 Nf8 11. Bf4 Ng6 12. Bh2 Bd6 13. Bxd6 Qxd6 14. O-O-O b5 15. Kb1 b4 16. Na4 Ne4 17. g4 Qf6 18. Qe2 Nf4 19. exf4 Nc3+ 20. Nxc3 Rxe2 21. Nxe2 a5 22. Rc1 a4 23. Ne5 Bb7 24. Nd7 Qe7 25. Nc5 Bc8 26. g5 f6 27. h4 Bg4 28. Ng3 Qc7 29. gxf6 Qxf4 30. Be2 Qxd4 31. Bxg4 Qxg4 32. fxg7 a3 33. b3 Ra5 34. Nb7 Rb5 35. Nd6 Qg6+ 36. Ndf5 d4 37. h5 Qf6 38. Rc2 d3 39. Rd2 Rxf5 40. Nxf5 Qxf5 41. h6 Qe5 42. Rhd1 c5 43. Rc1 Kf7 44. Rcd1 {[%emt 0:01:31] normal} 1/2-1/2

[Event "GER-ch Youth U14 2019"]
[Site "Willingen"]
[Date "2019.06.13"]
[Round "7.17"]
[White "Seng, Alexander"]
[Black "Weidenhoefer, Max"]
[Result "0-1"]
[ECO "D10"]
[WhiteElo "1505"]
[BlackElo "1787"]
[Annotator "NA"]
[PlyCount "90"]
[EventDate "2019.06.07"]
[EventType "swiss"]
[EventRounds "9"]
[EventCountry "GER"]
[SourceTitle "playchess.com"]
[Source "ChessBase"]
[SourceQuality "1"]
[TimeControl "40/5400+30:1800+30"]

1. d4 d5 2. c4 c6 3. cxd5 cxd5 4. Bf4 Nc6 5. e3 Nf6 6. Nc3 a6 7. Bd3 e6 8. Nf3 Be7 9. O-O Nh5 10. Be5 f6 11. Bg3 Nxg3 12. hxg3 g6 13. a3 Kf7 14. Nd2 h5 15. f4 f5 16. Nf3 b6 17. b4 Nb8 18. Rc1 a5 19. Qa4 Bb7 20. b5 Nd7 21. Ne5+ Nxe5 22. fxe5 Qf8 23. Nb1 Qh6 24. Rf3 Rac8 25. Qd1 Rxc1 26. Qxc1 Rc8 27. Qd2 g5 28. Qe1 g4 29. Rf2 h4 30. Re2 hxg3 31. Qxg3 Rc1+ 32. Re1 Bh4 33. Qxh4 Qxh4 34. Rxc1 g3 35. Rc7+ Kg6 36. Rxb7 Qh2+ 37. Kf1 Qh1+ 38. Ke2 Qxg2+ 39. Kd1 Qh1+ 40. Kc2 g2 41. Rb8 g1=Q 42. Rg8+ Kf7 43. Rxg1 Qxg1 44. Kd2 Qf2+ 45. Be2 f4 {[%emt 0:00:11] normal} 0-1

[Event "GER-ch Youth U14 2019"]
[Site "Willingen"]
[Date "2019.06.13"]
[Round "7.18"]
[White "Bress, Aaron"]
[Black "Bornholdt, Joa Max"]
[Result "1-0"]
[ECO "A17"]
[WhiteElo "1849"]
[BlackElo "1754"]
[Annotator "NA"]
[PlyCount "65"]
[EventDate "2019.06.07"]
[EventType "swiss"]
[EventRounds "9"]
[EventCountry "GER"]
[SourceTitle "playchess.com"]
[Source "ChessBase"]
[SourceQuality "1"]
[TimeControl "40/5400+30:1800+30"]

1. c4 Nf6 2. Nc3 e6 3. g3 d5 4. d4 c6 5. cxd5 exd5 6. Bg2 Bf5 7. Nf3 Bd6 8. O-O O-O 9. Nh4 Be6 10. Qc2 a5 11. Re1 Nbd7 12. Na4 Re8 13. Nc5 Bxc5 14. dxc5 Qe7 15. Be3 Ne4 16. Rac1 f5 17. Bd4 Rac8 18. f3 g5 19. fxe4 dxe4 20. Nf3 exf3 21. exf3 Qf7 22. Qd2 h6 23. a3 Ra8 24. Bf1 Bd5 25. Qc3 Kh7 26. Bh3 Kg8 27. Qd3 Be6 28. Qc3 Bd5 29. Qd3 Be6 30. Bc3 Red8 31. Qd4 Kh7 32. Rxe6 Nxc5 33. Bxf5+ {[%emt 0:00:14] normal} 1-0

[Event "GER-ch Youth U14 2019"]
[Site "Willingen"]
[Date "2019.06.13"]
[Round "7.19"]
[White "Wang, Xinyuan"]
[Black "Wildermuth, Nikolas Karl"]
[Result "1/2-1/2"]
[ECO "A41"]
[WhiteElo "2060"]
[BlackElo "1748"]
[Annotator "NA"]
[PlyCount "50"]
[EventDate "2019.06.07"]
[EventType "swiss"]
[EventRounds "9"]
[EventCountry "GER"]
[SourceTitle "playchess.com"]
[Source "ChessBase"]
[SourceQuality "1"]
[TimeControl "40/5400+30:1800+30"]

1. d4 d6 2. c4 e5 3. d5 f5 4. Nc3 Nf6 5. Bg5 g6 6. e4 Bg7 7. Bd3 f4 8. f3 O-O 9. Nge2 Nbd7 10. Qc2 a5 11. Bh4 Rf7 12. Bf2 Ne8 13. O-O-O Nc5 14. Bxc5 dxc5 15. Na4 Bf8 16. Nec3 Bd7 17. Nb5 Rb8 18. Be2 c6 19. dxc6 bxc6 20. Nbc3 Ng7 21. Rdf1 Ne6 22. Bd1 Nd4 23. Qf2 Be6 24. b3 Qe7 25. g4 h6 {[%emt 0:02:09] normal} 1/2-1/2

[Event "GER-ch Youth U14 2019"]
[Site "Willingen"]
[Date "2019.06.13"]
[Round "7.20"]
[White "Kolmykov, Egor"]
[Black "Gutewort, Paul Emil"]
[Result "1/2-1/2"]
[ECO "B06"]
[WhiteElo "1642"]
[BlackElo "1708"]
[Annotator "NA"]
[PlyCount "41"]
[EventDate "2019.06.07"]
[EventType "swiss"]
[EventRounds "9"]
[EventCountry "GER"]
[SourceTitle "playchess.com"]
[Source "ChessBase"]
[SourceQuality "1"]
[TimeControl "40/5400+30:1800+30"]

1. e4 g6 2. d3 Bg7 3. g3 d6 4. f4 c5 5. Bg2 Nc6 6. c3 e6 7. Nf3 Nge7 8. O-O O-O 9. Nbd2 b6 10. e5 Ba6 11. Nc4 Bxc4 12. dxc4 dxe5 13. Nxe5 Rc8 14. Nxc6 Nxc6 15. Qa4 Qc7 16. Rd1 Nb8 17. Be3 Rfd8 18. Rxd8+ Rxd8 19. Rd1 Rxd1+ 20. Qxd1 Bf6 {[%emt 0:02:03] normal} 21. Kf2 {[%emt 0:01:58] normal} 1/2-1/2

[Event "GER-ch Youth U14 2019"]
[Site "Willingen"]
[Date "2019.06.13"]
[Round "7.21"]
[White "Divry, Alexandre"]
[Black "Rockmann, Enno"]
[Result "1-0"]
[ECO "C09"]
[WhiteElo "1654"]
[BlackElo "1527"]
[Annotator "NA"]
[PlyCount "50"]
[EventDate "2019.06.07"]
[EventType "swiss"]
[EventRounds "9"]
[EventCountry "GER"]
[SourceTitle "playchess.com"]
[Source "ChessBase"]
[SourceQuality "1"]
[TimeControl "40/5400+30:1800+30"]

1. e4 e6 2. d4 d5 3. Nd2 c5 4. Ngf3 Nc6 5. exd5 exd5 6. Bb5 Qe7+ 7. Qe2 Qxe2+ 8. Bxe2 cxd4 9. Nb3 Bb4+ 10. Bd2 Bf5 11. Nbxd4 Bxd2+ 12. Kxd2 Bg6 13. Bb5 Nge7 14. Ne5 O-O 15. Nexc6 Nxc6 16. Bxc6 bxc6 17. Nxc6 Rfe8 18. c3 Re6 19. Nd4 Rb6 20. b4 a5 21. a3 Re8 22. Rhe1 f6 23. Rxe8+ Bxe8 24. Re1 Bg6 25. Re6 Rb8 {[%emt 0:01:07] normal} 1-0

[Event "GER-ch Youth U14 2019"]
[Site "Willingen"]
[Date "2019.06.13"]
[Round "7.22"]
[White "Wellssow, Keoki"]
[Black "Straub, Benno"]
[Result "1-0"]
[ECO "A14"]
[WhiteElo "1509"]
[BlackElo "1490"]
[Annotator "NA"]
[PlyCount "82"]
[EventDate "2019.06.07"]
[EventType "swiss"]
[EventRounds "9"]
[EventCountry "GER"]
[SourceTitle "playchess.com"]
[Source "ChessBase"]
[SourceQuality "1"]
[TimeControl "40/5400+30:1800+30"]

1. c4 Nf6 2. g3 e6 3. Bg2 d5 4. Nf3 Be7 5. O-O O-O 6. b3 c6 7. Bb2 Nbd7 8. d3 Qc7 9. e3 b6 10. Qe2 Bb7 11. Nc3 Nc5 12. b4 Ncd7 13. a3 a5 14. bxa5 Rxa5 15. cxd5 exd5 16. e4 d4 17. Nxd4 Rfa8 18. Rfc1 Qd8 19. e5 Nd5 20. Nxd5 cxd5 21. e6 Nc5 22. Qg4 Bf6 23. e7 Qxe7 24. Nf5 Qe6 25. Re1 h5 26. Qxh5 Bxb2 27. Ne7+ Qxe7 28. Rxe7 Bxa1 29. Qxf7+ Kh7 30. Qh5+ Kg8 31. Bxd5+ Bxd5 32. Qxd5+ Kh7 33. d4 Na4 34. Qe4+ Kh8 35. Qh4+ Kg8 36. Qf4 Rf8 37. Qg4 Rf7 38. Re8+ Kh7 39. d5 Rf6 40. Qh5+ Rh6 41. Qf5+ Rg6 {[%emt 0:01:00] normal} 1-0

[Event "GER-ch Youth U14 2019"]
[Site "Willingen"]
[Date "2019.06.14"]
[Round "8.1"]
[White "Bethke, Richard"]
[Black "Weihrauch, Jakob"]
[Result "1/2-1/2"]
[ECO "C68"]
[WhiteElo "2246"]
[BlackElo "2158"]
[Annotator "NA"]
[PlyCount "68"]
[EventDate "2019.06.07"]
[EventType "swiss"]
[EventRounds "9"]
[EventCountry "GER"]
[SourceTitle "playchess.com"]
[Source "ChessBase"]
[SourceQuality "1"]
[TimeControl "40/5400+30:1800+30"]

1. e4 e5 2. Nf3 Nc6 3. Bb5 a6 4. Bxc6 dxc6 5. O-O Bg4 6. h3 Bxf3 7. Qxf3 Qd7 8. d3 Bc5 9. Nd2 O-O-O 10. a4 h5 11. Nc4 f6 12. Be3 Bxe3 13. Qxe3 Qd4 14. b4 Qxe3 15. fxe3 Nh6 16. Rf2 Nf7 17. Na5 Rd6 18. Nb3 b6 19. a5 Kb7 20. axb6 cxb6 21. Ra3 Ng5 22. Rf1 Ra8 23. Rb1 Rdd8 24. Kf2 Ne6 25. Ke2 Kc7 26. Rba1 Kb7 27. Kd2 Rdc8 28. d4 Rd8 29. c3 exd4 30. exd4 Re8 31. h4 g5 32. Rh1 Rg8 33. g3 {[%emt 0:02:02] normal} gxh4 34. Rxh4 Rxg3 {[%emt 0:01:21] normal} 1/2-1/2

[Event "GER-ch Youth U14 2019"]
[Site "Willingen"]
[Date "2019.06.14"]
[Round "8.2"]
[White "Krastev, Alexander"]
[Black "Gallasch, Jonas"]
[Result "1-0"]
[ECO "C23"]
[WhiteElo "2344"]
[BlackElo "2137"]
[Annotator "NA"]
[PlyCount "94"]
[EventDate "2019.06.07"]
[EventType "swiss"]
[EventRounds "9"]
[EventCountry "GER"]
[SourceTitle "playchess.com"]
[Source "ChessBase"]
[SourceQuality "1"]
[TimeControl "40/5400+30:1800+30"]

1. e4 e5 2. Bc4 Nc6 3. Nc3 Bc5 4. Qg4 g6 5. Qf3 Nf6 6. Nge2 Be7 7. Nd5 O-O 8. Nxe7+ Qxe7 9. d3 d6 10. Bg5 Kg7 11. Qe3 Re8 12. f3 Be6 13. O-O-O Nd8 14. h4 Bxc4 15. dxc4 Ne6 16. Nc3 c6 17. g4 Rad8 18. Rh2 Nxg5 19. hxg5 Nd7 20. Rdh1 Rh8 21. Kb1 a6 22. Ne2 Nf8 23. Ng1 Ne6 24. Nh3 Kg8 25. Rd2 Kg7 26. Rhd1 Rd7 27. Qc3 Nxg5 28. Nxg5 Qxg5 29. c5 Rhd8 30. cxd6 Qf6 31. Qc5 Kg8 32. Rd3 Qe6 33. a4 h5 34. gxh5 gxh5 35. f4 Re8 36. Qg1+ Kh8 37. f5 Qh6 38. Qh2 f6 39. Rh3 Rh7 40. a5 Rd8 41. c4 c5 42. Qf2 Qf4 43. Qxf4 exf4 44. Kc2 Kg8 45. b4 Rhd7 46. bxc5 Re8 47. Rg1+ Rg7 {[%emt 0:00:55] normal} 1-0

[Event "GER-ch Youth U14 2019"]
[Site "Willingen"]
[Date "2019.06.14"]
[Round "8.3"]
[White "Farokhi, Keyvan"]
[Black "Pubantz, Jan"]
[Result "0-1"]
[ECO "B90"]
[WhiteElo "1963"]
[BlackElo "2192"]
[Annotator "NA"]
[PlyCount "45"]
[EventDate "2019.06.07"]
[EventType "swiss"]
[EventRounds "9"]
[EventCountry "GER"]
[SourceTitle "playchess.com"]
[Source "ChessBase"]
[SourceQuality "1"]
[TimeControl "40/5400+30:1800+30"]

1. e4 c5 2. Nf3 d6 3. d4 cxd4 4. Nxd4 Nf6 5. Nc3 a6 6. Nb3 e6 7. g4 b5 8. Bg2 Nfd7 9. g5 Be7 10. f4 Bb7 11. a3 h6 12. h4 Nc6 13. Be3 Nb6 14. Nd2 Na5 15. Bd4 hxg5 16. hxg5 Rxh1+ 17. Bxh1 e5 18. fxe5 Bxg5 19. Nf3 Bf4 20. exd6 Qxd6 21. Bxg7 Qg6 22. Bd4 Rd8 {[%emt 0:04:09] normal} 23. Nd5 {[%emt 0:06:30] normal} 0-1

[Event "GER-ch Youth U14 2019"]
[Site "Willingen"]
[Date "2019.06.14"]
[Round "8.4"]
[White "Colbow, Collin"]
[Black "Lutz, Ruben"]
[Result "1/2-1/2"]
[ECO "C06"]
[WhiteElo "2169"]
[BlackElo "2055"]
[Annotator "NA"]
[PlyCount "81"]
[EventDate "2019.06.07"]
[EventType "swiss"]
[EventRounds "9"]
[EventCountry "GER"]
[SourceTitle "playchess.com"]
[Source "ChessBase"]
[SourceQuality "1"]
[TimeControl "40/5400+30:1800+30"]

1. e4 e6 2. d4 d5 3. Nd2 Nf6 4. e5 Nfd7 5. Bd3 c5 6. c3 Nc6 7. Ne2 cxd4 8. cxd4 f6 9. exf6 Nxf6 10. O-O Bd6 11. Nf3 Qc7 12. h3 O-O 13. Be3 Bd7 14. Re1 Rae8 15. Nc3 a6 16. Rc1 Qb8 17. Na4 e5 18. dxe5 Nxe5 19. Nxe5 Bxe5 20. Nc5 Bc6 21. Nxa6 Qa8 22. Nb4 Bxb2 23. Rb1 Bc3 24. Re2 Ba4 25. Qc1 Rc8 26. Qa3 Bd7 27. Qb3 Ba4 28. Qa3 Bd7 29. Qxa8 Rxa8 30. Bg5 Bxb4 31. Rxb4 Bc6 32. f3 h6 33. Bxf6 Rxf6 34. Bc2 Kf7 35. Bb3 Re8 36. Rxe8 Kxe8 37. Kf2 Kd7 38. Rg4 g5 39. h4 gxh4 40. Ke3 Kd6 {[%emt 0:03:18] normal} 41. Rxh4 {[%emt 0:38:00] normal} 1/2-1/2

[Event "GER-ch Youth U14 2019"]
[Site "Willingen"]
[Date "2019.06.14"]
[Round "8.5"]
[White "Eilenberg, Jonas"]
[Black "Bui, Bao Anh Le"]
[Result "1/2-1/2"]
[ECO "D37"]
[WhiteElo "1934"]
[BlackElo "2065"]
[Annotator "NA"]
[PlyCount "47"]
[EventDate "2019.06.07"]
[EventType "swiss"]
[EventRounds "9"]
[EventCountry "GER"]
[SourceTitle "playchess.com"]
[Source "ChessBase"]
[SourceQuality "1"]
[TimeControl "40/5400+30:1800+30"]

1. d4 d5 2. c4 e6 3. Nf3 Nf6 4. Nc3 Be7 5. Bg5 Nbd7 6. cxd5 exd5 7. e3 h6 8. Bf4 O-O 9. Bd3 c6 10. h3 Re8 11. O-O Bb4 12. Qb3 Qe7 13. a3 Bd6 14. Bxd6 Qxd6 15. Qc2 a5 16. Ne2 b6 17. Nh4 Bb7 18. Nf5 Qf8 19. Nf4 Rac8 20. Qb3 Ne4 21. Bxe4 Rxe4 22. f3 Ree8 23. e4 {[%emt 0:00:12] normal} g6 24. Ng3 {[%emt 0:00:07] normal} 1/2-1/2

[Event "GER-ch Youth U14 2019"]
[Site "Willingen"]
[Date "2019.06.14"]
[Round "8.6"]
[White "Chassard, Cedric"]
[Black "Musiolik, David"]
[Result "0-1"]
[ECO "C06"]
[WhiteElo "1772"]
[BlackElo "2132"]
[Annotator "NA"]
[PlyCount "77"]
[EventDate "2019.06.07"]
[EventType "swiss"]
[EventRounds "9"]
[EventCountry "GER"]
[SourceTitle "playchess.com"]
[Source "ChessBase"]
[SourceQuality "1"]
[TimeControl "40/5400+30:1800+30"]

1. e4 e6 2. d4 d5 3. Nd2 Nf6 4. e5 Nfd7 5. c3 c5 6. Bd3 Nc6 7. Ne2 cxd4 8. cxd4 f6 9. exf6 Nxf6 10. O-O Bd6 11. Nf3 Qc7 12. h3 O-O 13. Re1 Bd7 14. Be3 a6 15. Rc1 Rae8 16. Nc3 Qb8 17. Bb1 Re7 18. Qd3 Be8 19. Nh4 Qc7 20. a3 b5 21. b4 Kh8 22. Re2 Bf4 23. Rce1 Bf7 24. Kh1 Rfe8 25. g3 Bxe3 26. Rxe3 e5 27. dxe5 Nxe5 28. Qd1 Qd7 29. Bf5 Qd6 30. Bb1 d4 31. R3e2 Qc6+ 32. Ne4 Bc4 33. Rd2 d3 34. f3 Nxf3 35. Qxf3 Nxe4 36. Kh2 Rf7 37. Qg2 Qa8 38. Rdd1 Rf2 {[%emt 0:00:26] normal} 39. Ng6+ {[%emt 0:01:05] normal} 0-1

[Event "GER-ch Youth U14 2019"]
[Site "Willingen"]
[Date "2019.06.14"]
[Round "8.7"]
[White "Arakelian, Aik"]
[Black "Laux, Dominik"]
[Result "0-1"]
[ECO "B11"]
[WhiteElo "1911"]
[BlackElo "2061"]
[Annotator "NA"]
[PlyCount "57"]
[EventDate "2019.06.07"]
[EventType "swiss"]
[EventRounds "9"]
[EventCountry "GER"]
[SourceTitle "playchess.com"]
[Source "ChessBase"]
[SourceQuality "1"]
[TimeControl "40/5400+30:1800+30"]

1. e4 c6 2. Nf3 d5 3. Nc3 Bg4 4. h3 Bxf3 5. gxf3 e6 6. d4 Nf6 7. Be3 Bb4 8. Qd3 Qa5 9. Bd2 O-O 10. Rg1 Rc8 11. a3 Nbd7 12. Rb1 Bxc3 13. Bxc3 Qc7 14. e5 Nh5 15. Qe3 g6 16. Bd2 c5 17. c3 Ng7 18. Bd3 Rab8 19. h4 b5 20. Qh6 Nf5 21. Bxf5 exf5 22. h5 Rb6 23. Rh1 Nf8 24. Bg5 Ne6 25. Bf6 cxd4 26. cxd4 Qc2 27. Rd1 Rb7 28. Rh2 f4 {[%emt 0:01:51] normal} 29. Rd2 {[%emt 0:10:45] normal} 0-1

[Event "GER-ch Youth U14 2019"]
[Site "Willingen"]
[Date "2019.06.14"]
[Round "8.8"]
[White "von Krosigk, Florian"]
[Black "Hetzner, Hannes"]
[Result "1/2-1/2"]
[ECO "C07"]
[WhiteElo "1926"]
[BlackElo "1996"]
[Annotator "NA"]
[PlyCount "69"]
[EventDate "2019.06.07"]
[EventType "swiss"]
[EventRounds "9"]
[EventCountry "GER"]
[SourceTitle "playchess.com"]
[Source "ChessBase"]
[SourceQuality "1"]
[TimeControl "40/5400+30:1800+30"]

1. e4 e6 2. d4 d5 3. Nd2 c5 4. c3 cxd4 5. cxd4 dxe4 6. Nxe4 Nf6 7. Nc3 Nc6 8. Nf3 b6 9. Bb5 Bb7 10. Ne5 Rc8 11. Qf3 Qc7 12. Bg5 Be7 13. Ne4 Bb4+ 14. Kf1 Nxe4 15. Qxe4 O-O 16. Bxc6 Bxc6 17. Nxc6 Qxc6 18. Qxc6 Rxc6 19. a3 f6 20. Be3 Be7 21. g3 f5 22. Kg2 Bf6 23. Rhc1 Rfc8 24. Rxc6 Rxc6 25. Rd1 Kf8 26. Rd2 Ke7 27. Bf4 g5 28. Bb8 a6 29. Be5 Rc8 30. f4 Rd8 31. Rc2 Bxe5 32. dxe5 g4 33. Kf2 Rd5 34. Ke2 Kf8 35. Rc7 {normal} 1/2-1/2

[Event "GER-ch Youth U14 2019"]
[Site "Willingen"]
[Date "2019.06.14"]
[Round "8.9"]
[White "Roehr, Oliver"]
[Black "Deutsch, Christoph"]
[Result "1/2-1/2"]
[ECO "C44"]
[WhiteElo "1960"]
[BlackElo "1937"]
[Annotator "NA"]
[PlyCount "81"]
[EventDate "2019.06.07"]
[EventType "swiss"]
[EventRounds "9"]
[EventCountry "GER"]
[SourceTitle "playchess.com"]
[Source "ChessBase"]
[SourceQuality "1"]
[TimeControl "40/5400+30:1800+30"]

1. e4 e5 2. Nf3 Nc6 3. d4 exd4 4. Nxd4 g6 5. Nxc6 bxc6 6. Bd3 Bg7 7. O-O Ne7 8. c4 O-O 9. Nc3 d6 10. Qc2 f5 11. exf5 Bxf5 12. Bg5 Qd7 13. Bxe7 Qxe7 14. Rae1 Qd7 15. Bxf5 Rxf5 16. Re2 Raf8 17. f3 Re8 18. Rfe1 Bd4+ 19. Kh1 Rfe5 20. Rxe5 Rxe5 21. Rxe5 Bxe5 22. g3 Qh3 23. Qg2 Qxg2+ 24. Kxg2 Kf7 25. Nd1 Bd4 26. f4 Ke6 27. Kf3 c5 28. h3 c6 29. Ke4 d5+ 30. Kd3 Kf5 31. Ne3+ Bxe3 32. Kxe3 h5 33. Kf3 a5 34. g4+ hxg4+ 35. hxg4+ Ke6 36. b3 Kf6 37. Ke3 Ke6 38. Kd3 d4 39. Ke4 Kf6 40. Kd3 Ke6 41. Ke4 {[%emt 0:10:18] normal Ke5+} 1/2-1/2